← All builds
Suicide front / Armada / Factory first / OBSERVED BUILD

Standard suicide front

Armada Suicide front build order · Supreme Isthmus

The role's baseline: Bot Lab at 0:21 then straight into reclaim-fed T1 bot production to contest the middle and hold until T2 arrives, with an Advanced Metal Extractor around 9:45.

#rush · 2038 distinct matches · 233 players · 72% of Armada Suicide front games · team won 59% of 2418 · Recently observed

HOW TO PLAY IT

Key timing: Bot Lab by 0:20

  1. Open with mex and lab-first to get Bot Lab up by 0:20.
  2. Expand mex and wind while lab pumps units toward middle.
  3. Push Sentry and early Rocketeer, Centurion to contest middle.
  4. Get T2 constructor out once Pond's boost lets you spare metal.
  5. Upgrade mex to Advanced Metal Extractor as you transition off T1 spam.

Phase by phase

TYPICAL OF ITS 2038 GAMES
  1. 1
  2. 2
  3. 3
PLAY THE OPENING

Follow the example game's first 6:00 step by step: what to build now, what comes next, and where it goes. At 1× it keeps pace with your own game.

  1. 1

    Bot Lab first

    Order
    1. Bot LabBot Lab done ~0:24, middle half 0:20–0:33

    Some games also: mex (44%)

  2. 2

    Bot Lab to 5:00

    Economy
    • Metal Extractor5Mex
    • Wind Turbine4Wind
    Builders
    • Construction Bot3 Con bot
    • Lazarus2 Lazarus
    Army
    • Sentry4 Sentry
    • Rocketeer16 Rocketeer
    • Tick2 Tick
    • Centurion1 Centurion
    Other
    • Radar Tower1 Radar Tower

    Some games also: pawn (38%) · con turret (34%)

    By 5:00 in all: 5 mex · 4 wind

    The example game in this phase · 37 steps
    1. Construction BotCon bot
    2. Mex ×2
    3. SentrySentry
    4. Construction BotCon bot
    5. LazarusLazarus
    6. Mex ×2
    7. PawnPawn
    8. TickTick
    9. RocketeerRocketeer
    10. Mex
    11. Wind
    12. RocketeerRocketeer ×2
    13. SentrySentry
    14. Wind
    15. Radar TowerRadar Tower
    16. RocketeerRocketeer
    17. Construction BotCon bot
    18. SentrySentry
    19. Wind
    20. SentrySentry
    21. RocketeerRocketeer ×2
    22. SentrySentry
    23. RocketeerRocketeer ×4
    24. BeamerBeamer
    25. RocketeerRocketeer ×2
    26. BeamerBeamer
    27. RocketeerRocketeer ×2
    28. Construction BotCon bot ×2
    29. Wind
    30. OverwatchOverwatch
    31. RocketeerRocketeer ×2
    32. Wind
    33. RocketeerRocketeer ×3
    34. Wind
    35. RocketeerRocketeer
    36. Con turret
    37. RocketeerRocketeer
  3. 3

    5:00 to 10:00

    Economy
    • Metal Extractor1Mex
    • Wind Turbine15Wind
    Builders
    • Construction Turret2 Con turret
    • Lazarus2 Lazarus
    • Construction Bot1 Con bot
    Army
    • Sentry1 Sentry
    • Rocketeer8 Rocketeer

    Some games also: pawn (49%) · Radar Tower (46%) · tick (45%) · centurion (44%) · energy storage (43%) · eat Bot Lab (31%)

    By 10:00 in all: 6 mex · 21 wind · 1 energy storage · 2 con turret

    The example game in this phase · 134 steps
    1. RocketeerRocketeer
    2. Wind
    3. PawnPawn
    4. Wind
    5. PawnPawn
    6. SentrySentry
    7. PawnPawn
    8. Con turret
    9. PawnPawn ×6
    10. Energy storage
    11. PawnPawn ×3
    12. Wind
    13. PawnPawn
    14. Wind
    15. PawnPawn
    16. Wind
    17. PawnPawn
    18. Wind
    19. PawnPawn
    20. Wind
    21. SentrySentry
    22. PawnPawn ×2
    23. SentrySentry
    24. PawnPawn ×2
    25. SentrySentry
    26. PawnPawn ×4
    27. GauntletGauntletdone 8:32
    28. PawnPawn ×4
    29. Construction BotCon bot ×3
    30. Sneaky PeteSneaky Petefor Tech
    31. Construction BotCon bot
    32. Advanced Metal ExtractorT2 mexdone 9:15 · typical 9:46
    33. Construction BotCon bot
    34. Con turret
    35. Construction BotCon bot
    36. Advanced Metal ExtractorT2 mex
    37. PawnPawn
    38. SentrySentry
    39. PawnPawn ×3
    40. Advanced Metal ExtractorT2 mex
    41. PawnPawn ×2
    42. Wind ×3
    43. PawnPawn
    44. Wind
    45. PawnPawn
    46. Advanced Metal ExtractorT2 mex
    47. Wind
    48. PawnPawn ×2
    49. Wind ×3
    50. PawnPawn
    51. Wind
    52. PawnPawn ×2
    53. Wind
    54. Dragon's TeethDragon's Teeth
    55. Advanced Metal ExtractorT2 mex
    56. PawnPawn
    57. Dragon's TeethDragon's Teeth ×3
    58. Wind
    59. Dragon's TeethDragon's Teeth ×2
    60. PawnPawn
    61. Dragon's TeethDragon's Teeth ×4
    62. Wind
    63. PawnPawn
    64. Dragon's TeethDragon's Teeth ×3
    65. Wind
    66. RattlesnakeRattlesnakedone 12:12
    67. Wind ×2
    68. Con turret
    69. SentrySentry
    70. Wind ×2
    71. SentrySentry
    72. LazarusLazarus
    73. Con turret
    74. Wind
    75. LazarusLazarus
    76. SentrySentry
    77. Con turret
    78. Wind
    79. LazarusLazarus
    80. Wind
    81. SentrySentry
    82. Con turret
    83. Wind
    84. LazarusLazarus
    85. Wind
    86. Con turret
    87. LazarusLazarus
    88. Wind ×2
    89. Sneaky PeteSneaky Pete
    90. Wind ×3
    91. ShipyardShipyarddone 13:22
    92. Con turret
    93. DolphinDolphin
    94. Wind
    95. Con turret
    96. DolphinDolphin
    97. Wind
    98. DolphinDolphin ×2
    99. Wind
    100. DolphinDolphin
    101. Wind ×2
    102. DolphinDolphin
    103. SkaterSkater
    104. Wind ×4
    105. CorsairDestroyerdone 14:00
    106. Wind ×5
    107. Grim ReaperGrim Reaper
    108. Wind ×4
    109. Converter
    110. DolphinDolphin
    111. Wind
    112. DolphinDolphin
    113. Converter
    114. DolphinDolphin
    115. Wind ×2
    116. DolphinDolphin ×2
    117. Converter
    118. Wind
    119. Construction ShipCon ship
    120. Wind
    121. Converter ×2
    122. DolphinDolphin
    123. SkaterSkater
    124. Wind
    125. Naval Construction Turret
    126. Wind ×2
    127. CorsairDestroyer
    128. Wind ×2
    129. Naval Construction Turret
    130. Wind ×2
    131. Converter ×2
    132. Grim ReaperGrim Reaper
    133. Naval Construction Turret
    134. Wind

Counts are medians over the build's games: half of them build more, half fewer. The example game is ITz_HonestAbee's (37 OS, 14/10/2026); pick another.

Team trades

IN AT LEAST 30% OF ITS GAMES

You hand over

Nothing regular.

You get

  • Tidal Generator4 Tidal from Pondfirst at 0:11 · in 68% of games
  • Advanced Construction Bot1 T2 con bot from Geo or Techfirst at 7:41 · in 57% of games

How it plays out

Typical game of this build, running totals by minute

Metal produced

010k20k
0:005:0010:0015:00

metal

Enemy metal destroyed

05k10k
0:005:0010:0015:00

metal

Own metal lost

05k10k
0:005:0010:0015:00

metal

2418 games.

Show as table
ByMetal produced: This buildEnemy metal destroyed: This buildOwn metal lost: This build
1:0023000
2:0088700
3:002009184130
4:003109644501
5:0041821350999
6:00534721831707
7:00653930542589
8:00775539383499
9:00904046924371
10:001041053125156
11:001188858565965
12:001357864016685
13:001539668707455
14:001730275038213
15:001925781138994
WHAT THE NUMBERS SAY

Standard Suicide front play wins a bit over half its games while taking the heaviest own losses of any role by 15:00.

  • + Produces 20142 metal by 15:00, highest of the front roles.
  • + First kill by 2:01 in all games, fastest contest of middle.
  • − Own metal lost hits 9178 by 15:00, more than enemy metal destroyed.
  • − Only 34% Rocketeer share shows army spread thin across many bot types.
THE EXAMPLE YOU ARE READING

ITz_HonestAbee

37.1 OS · 14/10/2026

Open source match ↗

25 received units · includes a constructor
474 metal received · 19833 energy received

Allied construction assistance is unknown. Timings are observations, not a promise of solo reproducibility.

Typical milestones

Bot Lab0:24Middle 50%: 0:20–0:33 · n=2410
Advanced Metal Extractor9:46Middle 50%: 8:50–10:58 · n=1749

Played most by

_X_264games of this buildPlatinumBlonde188games of this buildXad166games of this buildTrapCaT109games of this buildSoliloqueur81games of this build